 Dungeon Crawl Stone Soup version 0.23.0-3-gf3c87f2 (webtiles) character file.

Game seed: 17097946676549139823

106 Kairos the Skirmisher (level 4, 0/24 HPs)
             Began as a Vine Stalker Fighter on Feb 22, 2019.
             Slain by Sigmund
             ... wielding a +1 scythe of freezing
              (1 damage)
             ... on level 2 of the Dungeon.
             The game lasted 00:01:47 (1062 turns).

Kairos the Skirmisher (Vine Stalker Fighter)        Turns: 1062, Time: 00:01:47

Health: 0/24       AC:  9    Str: 20    XL:     4   Next: 84%
Magic:  0/5        EV:  7    Int: 10    God:
Gold:   30         SH: 10    Dex: 13    Spells: 3/3 levels left

rFire    . . .     SeeInvis .   a - +0 war axe
rCold    . . .     Gourm    .   c - +1 shield
rNeg     . . .     Faith    .   b - +0 scale mail
rPois    .         Spirit   +   h - +0 helmet
rElec    .         Reflect  .   (no cloak)
rCorr    +         Harm     .   k - +0 pair of gloves
MR       .....                  (no boots)
Stlth    ..........             l - amulet of magic regeneration
HPRegen  0.48/turn              e - ring of resist corrosion (curse)
MPRegen  0.34/turn              m - +2 ring of intelligence

@: lethally poisoned (0 -> 0)
A: fangs 2, regeneration 1, magic shield, antimagic bite, no potion heal 3, rot
immunity
a: no special abilities


You were on level 2 of the Dungeon.
You were hungry.

You visited 1 branch of the dungeon, and saw 2 of its levels.

You collected 30 gold pieces.

Inventory:

Hand Weapons
 a - a +0 war axe (weapon)
Armour
 b - a +0 scale mail (worn)
 c - a +1 shield (worn)
 h - a +0 helmet (worn)
 k - a +0 pair of gloves (worn)
Jewellery
 e - a cursed ring of resist corrosion (left hand)
 l - an amulet of magic regeneration (around neck)
 m - a +2 ring of intelligence (right hand)
Scrolls
 n - a scroll of teleportation
Potions
 d - a potion of might
 g - 2 potions of ambrosia {unknown}
Comestibles
 f - 2 rations


   Skills:
 + Level 3.2 Fighting
 + Level 2.9 Axes
 + Level 2.9 Armour
 + Level 0.3 Dodging
 + Level 3.2 Shields


You had 3 spell levels left.
You didn't know any spells.
Your spell library was empty.

Dungeon Overview and Level Annotations

Branches:
Dungeon (2/15)

Altars:

Annotations:
D:2 Sigmund


Innate Abilities, Weirdness & Mutations

You have extremely sharp teeth.
Your natural rate of healing is unusually fast.
When hurt, damage is shared between your health and your magic reserves.
Your bite disrupts and absorbs the magic of your enemies.
Potions cannot restore your health.
You are immune to rotting.


Message History

The adder bites you but does no damage.
Sigmund gestures wildly while chanting.
Sigmund flickers and vanishes!
Deactivating autopickup; reactivate with Ctrl-A.
The adder bites you.
You are poisoned.
The adder poisons you!
You slash the adder! You bite the adder.
You kill the adder!
You feel sick. Something hits you. Something freezes you. Something hits you!
Something freezes you.
You see here a +0 trident.
Something hits you. Something freezes you.
* * * LOW HITPOINT WARNING * * *
You feel sick.
You see here a +0 trident.
Something hits you.
* * * LOW HITPOINT WARNING * * *
Something freezes you.
You die...

###### #.)@<# # #.####
#######.#
#.######........
#...S.##........
##########.##........
........##.##........
..........S.'...>....
#...#......S.S.##........
#.....##....#.###........


There were no monsters in sight!

Vanquished Creatures
  Natasha (twice) (D:2)
  2 adders (D:2)
  An ooze (D:1)
  A dart slug (D:1)
  A leopard gecko (D:2)
  An orc (D:2)
  3 giant cockroaches
  3 hobgoblins (D:1)
  3 jackals (D:1)
  A ball python (D:1)
  5 bats
  2 frilled lizards (D:1)
  A goblin (D:1)
  3 kobolds (D:1)
  3 rats (D:1)
32 creatures vanquished.

Notes
Turn   | Place    | Note
-------+----------+-------------------------------------------
     0 | D:1      | Kairos the Vine Stalker Fighter began the quest for the
                  | Orb.
     0 | D:1      | Reached XP level 1. HP: 11/11 MP: 2/2
    65 | D:1      | Reached XP level 2. HP: 13/16 MP: 3/3
   567 | D:1      | Reached XP level 3. HP: 20/20 MP: 4/4
   916 | D:2      | Noticed Natasha
   923 | D:2      | Killed Natasha
   923 | D:2      | Gained mutation: Your natural rate of healing is unusually
                  | fast. [Vine Stalker growth]
   923 | D:2      | Reached XP level 4. HP: 10/24 MP: 3/5
   999 | D:2      | Noticed Natasha
  1006 | D:2      | Killed Natasha
  1028 | D:2      | Noticed Sigmund
  1062 | D:2      | HP: 1/24 [something (5)]
  1062 | D:2      | Slain by Sigmund

Skill      XL: |  1  2 |
---------------+-------+-----
Axes           | 2 |  2.9
Fighting       | 3 |  3.2
Shields        | 3 |  3.2
Armour         | |  2.9
Dodging        | |  0.3

Action                   |  1- 3 |  4- 6 || total
-------------------------+-------+-------++-------
Melee: War axe           |    68 |    18 ||    86
       Bite              |    19 |     4 ||    23
  Use: Scroll            |     3 |       ||     3
Armor: Scale mail        |    40 |    13 ||    53
Dodge: Dodged            |    20 |     5 ||    25
Block: Shield            |    46 |    10 ||    56
